Cogmind - Beta 9.6 @@@ ROGUE MODE // 2020.07.08 @ 02:08:15 Player: Mr.Manatee Result: Destroyed by Y-45 Defender with Heavy Assault Rifle Performance ------------- Evolutions (2) 1000 Regions Visited (6) 1200 Robots Destroyed (45) 225 Value Destroyed (1080) 1080 Prototype IDs (34) 680 Alien Tech Used (0) 0 Bonus (-148) -148 TOTAL SCORE: 4037 Bonus ------- High Alert Combat Kills 60 Follower Combat Kills 773 Aligned with FarCom 300 Friendly Fire -1281 Cogmind --------- Core Integrity 0/550 Matter 300/300 Energy 100/100 System Corruption 3% Temperature Cool (9) Movement Core (300) Ox5 Location -8/Storage Parts ------- > --- POWER (1) -------- (None) > --- PROPULSION (2) --- (None) > --- UTILITY (4) ------ Large Storage Unit Improved Utility Shielding > --- WEAPON (4) ------- (None) > --- INVENTORY (10) --- Heavy Ion Engine Heavy Ion Engine Light Treads Improved Carbon-fiber Leg Improved Carbon-fiber Leg YI-UF0's Bottomless Matter Pit (1500) Improved Power Shielding Skeleton Box Peak State ------------ > --- POWER ------------ Heavy Ion Engine > --- PROPULSION ------- Improved Carbon-fiber Leg Improved Carbon-fiber Leg > --- UTILITY ---------- Improved Heat Sink Large Storage Unit Improved Utility Shielding Skeleton Box > --- WEAPON ----------- Precision Beam Rifle Precision Beam Rifle Advanced EMP Blaster Great Maul > --- INVENTORY -------- Heavy Ion Engine Heavy Ion Engine Light Treads Carbon-fiber Leg Carbon-fiber Leg Improved Carbon-fiber Leg Improved Carbon-fiber Leg YI-UF0's Bottomless Matter Pit Improved Power Shielding Improved Light Armor Plating [Rating: 42] Favorites ----------- Power Improved Deuterium Engine Engine Improved Deuterium Engine Propulsion Carbon-fiber Leg Leg Carbon-fiber Leg Utility Light Armor Plating Device Improved Heat Sink Storage Large Storage Unit Hackware System Shield Protection Light Armor Plating Weapon Assault Rifle Energy Gun Beamcaster Energy Cannon EM Pulse Cannon Ballistic Gun Assault Rifle Launcher Advanced EMP Blaster Special Weapon Mining Laser Impact Weapon Great Maul Slashing Weapon Mining Claw Build | -11 -10 -10 -10 -9 -8 -8 ------- Run | Scr Mat Min Exi Min Mat Sto Slots Evolved 4 | . . . . . 4 . Power . | . . . . . . . Propulsion . | . . . . . . . Utility 2 | . . . . . 2 . Weapon 2 | . . . . . 2 . Parts Attached 67 | 6 10 8 1 2 21 19 Power 6 | 1 1 1 . . 1 2 Engine 6 | 1 1 1 . . 1 2 Core . | . . . . . . . Reactor . | . . . . . . . Propulsion 13 | 2 1 3 . . 4 3 Treads . | . . . . . . . Leg 13 | 2 1 3 . . 4 3 Wheel . | . . . . . . . Hover . | . . . . . . . Flight . | . . . . . . . Utility 26 | 1 5 2 1 2 10 5 Device 6 | . . . 1 . 3 2 Storage 3 | 1 . 1 . 1 . . Processor . | . . . . . . . Hackware 1 | . . . . . 1 . Protection 16 | . 5 1 . 1 6 3 Artifact . | . . . . . . . Weapon 22 | 2 3 2 . . 6 9 Energy Gun 8 | . . 1 . . 1 6 Energy Cannon 1 | . . . . . 1 . Ballistic Gun 8 | 2 2 . . . 3 1 Ballistic Cannon . | . . . . . . . Launcher 1 | . . . . . . 1 Special Weapon 1 | . 1 . . . . . Impact Weapon 2 | . . . . . 1 1 Slashing Weapon 1 | . . 1 . . . . Piercing Weapon . | . . . . . . . Special Melee Weapon . | . . . . . . . Unidentified Prototypes 7 | . . 1 . . . 6 Parts Lost 18 | . . . . . 6 12 Power 1 | . . . . . . 1 Propulsion 4 | . . . . . . 4 Utility 5 | . . . . . 3 2 Weapon 8 | . . . . . 3 5 Highest Loss Streak 7 | . . . . . 2 7 Average Slot Usage (%) 94 | . 99 100 100 100 86 92 Engine 11 | . 14 14 14 14 8 8 Leg 22 | . 28 28 28 28 17 17 Device 6 | . . . 8 . 13 8 Storage 11 | . 14 14 14 14 9 9 Protection 12 | . 13 13 5 14 10 16 Energy Gun 8 | . . 12 14 14 5 15 Energy Cannon 1 | . . . . . 7 . Ballistic Gun 7 | . 27 1 . . 4 . Launcher 1 | . . . . . . 7 Impact Weapon 4 | . . . . . 7 8 Slashing Weapon 4 | . . 13 14 14 1 . Naked Turns . | . . . . . . . Heaviest Build 54 | 13 16 24 24 36 54 49 Greatest Support 36 | 20 20 30 30 30 36 36 Greatest Overweight (x) 2 | 1 . . . 1 2 2 Average Overweight (x) . | . . . . . 1 1 Largest Inventory Capacity 10 | 6 6 6 6 10 10 10 Average Capacity 8 | 5 6 6 6 9 10 10 Most Carried 10 | 5 6 6 6 6 10 10 Average Carried 7 | 3 5 5 5 6 8 9 Final Capacity 10 | 6 6 6 6 10 10 10 Final Carried 10 | 4 6 6 6 6 10 8 Class Distribution -------------------- 38% | Mutant 29% | Scavenger-Mutant 12% | Commander-Tank 12% | Tank 4% | Scavenger-Skirmisher Dominant Class ---------------- Mutant | -10/Materials Scavenger-Mutant | -10/Mines Scavenger-Mutant | -10/Exiles Scavenger-Mutant | -9/Mines Mutant | -8/Materials Commander-Tank | -8/Storage Resources | -11 -10 -10 -10 -9 -8 -8 ----------- Run | Scr Mat Min Exi Min Mat Sto Matter Collected 2737 | 200 330 1348 . 81 383 395 Remotely . | . . . . . . . Salvage Created 1736 | . 461 178 5 . 444 648 Parts 81 | . 30 8 . . 28 15 Haulers Intercepted 5 | . 1 . . . 1 3 Recyclers Shooed 2 | . 1 . . . . 1 Parts Field Recycled . | . . . . . . . Retrieved Matter . | . . . . . . . Parts Self-Destructed . | . . . . . . . Prevented . | . . . . . . . Kills | -11 -10 -10 -10 -9 -8 -8 ------- Run | Scr Mat Min Exi Min Mat Sto Combat Hostiles Destroyed 32 | . 10 1 1 . 13 7 Melee 12 | . . . . . 7 5 Guns 13 | . 10 1 1 . 1 . Classes Destroyed 10 | . 5 2 1 . . 2 Worker 2 | . . . . . . 2 Builder 1 | . . 1 . . . . Tunneler 1 | . 1 . . . . . Hauler 5 | . 1 . . . 1 3 Recycler 2 | . . . . . . 2 Watcher 1 | . 1 . . . . . Swarmer 13 | . 3 . . . 8 2 Grunt 11 | . 7 . . . . 4 Sentry 6 | . . 1 . . 4 1 Hunter 2 | . . . 1 . 1 . Best Kill Streak 4 | . 4 1 1 . 4 3 Combat Bots Only 4 | . 4 1 1 . 4 3 Max Kills in Single Turn 2 | . 2 1 1 . 1 1 Gunslinging 1 | . 1 . . . . . Exploded . | . . . . . . . Melee 1 | . . . . . 1 1 Uniques/NPCs Destroyed 1 | . . 1 . . . . YI-UF0 (-10/Mines) Combat | -11 -10 -10 -10 -9 -8 -8 -------- Run | Scr Mat Min Exi Min Mat Sto Damage Taken 3377 | . 438 28 79 . 1035 1797 Core 655 | . 76 . 21 . 152 406 Absorbed by Shields 150 | . . . . . 150 . Core Remaining (%) 80 | 100 . . . 61 . . Volleys Fired 69 | . 41 5 11 . 8 4 Largest 3 | . 2 2 1 . 1 3 Hottest 153 | . 100 40 75 . 20 153 Shots Fired 116 | . 81 10 11 . 8 6 Gun 114 | . 80 10 11 . 8 5 Cannon . | . . . . . . . Launcher 1 | . . . . . . 1 Special 1 | . 1 . . . . . Kinetic 98 | . 80 10 . . 8 . Thermal 17 | . 1 . 11 . . 5 Explosive . | . . . . . . . Electromagnetic 1 | . . . . . . 1 Robot Hit Streak 13 | . 13 3 2 . 10 5 Robot Miss Streak 4 | . 4 1 2 . . 1 Penetration Max . | . . . . . . . Secondary Targets 2 | . 2 . . . . . Max Gunslinging Chain 1 | . 1 . . . . . Shots Hit Robots 186 | . 56 11 5 . 53 61 Core Hits 54 | . 23 4 2 . 11 14 Critical Hits . | . . . . . . . Critical Kills . | . . . . . . . Critical Parts Destroyed . | . . . . . . . Melee Attacks 220 | . . 19 . 7 107 87 Impact 167 | . . . . . 80 87 Slashing 53 | . . 19 . 7 27 . Piercing . | . . . . . . . Sneak Attacks 16 | . . 4 . . 1 11 Combat Hostiles 1 | . . . . . . 1 Follow-up Attacks . | . . . . . . . Damage Inflicted 4837 | . 710 384 136 . 1272 2335 Guns 1119 | . 710 98 136 . 105 70 Cannons . | . . . . . . . Explosions 160 | . . . . . . 160 Melee 3550 | . . 286 . . 1167 2097 Ramming 8 | . . . . . . 8 Kinetic 913 | . 710 98 . . 105 . Thermal 206 | . . . 136 . . 70 Explosive . | . . . . . . . Electromagnetic 160 | . . . . . . 160 Impact 3264 | . . . . . 1167 2097 Slashing 286 | . . 286 . . . . Piercing . | . . . . . . . Highest Corruption 3 | . . . . . 3 3 Average Corruption 3 | . . . . . 3 3 Corruption Purged . | . . . . . . . Effects 44 | . . . . . 22 22 Message Errors 11 | . . . . . 6 5 Matter Fused 17 | . . . . . 7 10 Heat Flow Errors 3 | . . . . . 1 2 Energy Discharges 6 | . . . . . 5 1 Data Loss (minor) 2 | . . . . . . 2 Targeting Errors 5 | . . . . . 3 2 Overload Shots . | . . . . . . . Overflow Damage 701 | . . . . . 109 592 Projectiles . | . . . . . . . Explosions . | . . . . . . . Melee 701 | . . . . . 109 592 Knockbacks 12 | . . . . . 2 10 Impact 10 | . . . . . 2 8 Kinetic . | . . . . . . . Secondary 2 | . . . . . . 2 Self-Inflicted Damage 25 | . . . . . . 25 Shots 1 | . . . . . . 1 Rammed 3 | . . . . . . 3 Targets Rammed 4 | . . . . . . 4 Kicked 1 | . . . . . . 1 Crushed . | . . . . . . . Highest Temperature 250 | . 32 5 250 . 130 215 Average Temperature 55 | . 6 3 101 . 67 60 Received Heat Transfer 992 | . 174 18 . . 170 630 Siege Activations . | . . . . . . . Robots Corrupted 1 | . . . . . . 1 Combat Hostiles . | . . . . . . . Parts Fried 10 | . . . . . 4 6 Impact Corruptions 30 | . . . . . 12 18 Robots Melted . | . . . . . . . Combat Hostiles . | . . . . . . . Parts Melted . | . . . . . . . Heat Transferred 370 | . . . 222 . . 148 Parts Sabotaged . | . . . . . . . Parts Stolen . | . . . . . . . Parts Stripped . | . . . . . . . Power Chain Reactions . | . . . . . . . Missiles Intercepted . | . . . . . . . Alert | -11 -10 -10 -10 -9 -8 -8 ------- Run | Scr Mat Min Exi Min Mat Sto Peak Influence 664 | . 157 56 . . 164 664 Average Influence 156 | . 80 35 . . 61 440 Maximum Alert Level 2 | . . . . . . 2 Low Security (%) 78 | 100 100 100 . 100 100 18 Level 1 4 | . . . . . . 16 Level 2 16 | . . . . . . 64 Level 3 . | . . . . . . . Level 4 . | . . . . . . . Level 5 . | . . . . . . . High Security . | . . . . . . . Max Security . | . . . . . . . Squads Dispatched 5 | . 1 . . . . 4 Investigation 1 | . . . . . . 1 Extermination . | . . . . . . . Reinforcement 2 | . 1 . . . . 1 Assault . | . . . . . . . Garrison 2 | . . . . . . 2 Intercept . | . . . . . . . Construction Impeded . | . . . . . . . Haulers Reinforced . | . . . . . . . Stealth | -11 -10 -10 -10 -9 -8 -8 --------- Run | Scr Mat Min Exi Min Mat Sto Distress Signals 6 | . 1 . . 1 1 3 Communications Jammed . | . . . . . . . Distress Signals . | . . . . . . . Times Spotted 86 | . 16 4 8 5 21 32 Peak Tracking Total 7 | . 6 2 7 4 5 7 Tactical Retreats 7 | . 2 . . 1 . 4 Traps | -11 -10 -10 -10 -9 -8 -8 ------- Run | Scr Mat Min Exi Min Mat Sto Traps Triggered 3 | . 1 . . . 2 . Indirectly . | . . . . . . . Trap Hack Attempts . | . . . . . . . Triggered . | . . . . . . . Disarmed . | . . . . . . . Reprogrammed . | . . . . . . . Reused . | . . . . . . . Traps Extracted . | . . . . . . . Installed . | . . . . . . . Triggered 1 | . . . . . . 1 Machines | -11 -10 -10 -10 -9 -8 -8 ---------- Run | Scr Mat Min Exi Min Mat Sto Machines Disabled 5 | . 1 . . . . 4 Max in Single Turn 1 | . 1 . . . . 1 Garrison Access 1 | . . . . . . 1 Machines Sabotaged . | . . . . . . . Garrisons Compromised . | . . . . . . . Overloaded Fab Kills . | . . . . . . . Fab Network Shutdowns . | . . . . . . . Hacking | -11 -10 -10 -10 -9 -8 -8 --------- Run | Scr Mat Min Exi Min Mat Sto Machines Accessed 26 | . 9 . 2 . 7 8 Terminals 18 | . 7 . . . 6 5 Fabricators . | . . . . . . . Repair Stations 4 | . 1 . . . 1 2 Recycling Units 1 | . 1 . . . . . Scanalyzers . | . . . . . . . Garrison Access 1 | . . . . . . 1 Total Hacks 69 | . 32 . 2 . 18 17 Successful 41 | . 21 . 2 . 9 9 Failed 28 | . 11 . . . 9 8 Catastrophic 3 | . 1 . . . 2 . Database Lockouts . | . . . . . . . Manual 43 | . 21 . 1 . 10 11 Terminals 46 | . 22 . . . 13 11 Fabricators . | . . . . . . . Repair Stations 16 | . 7 . . . 5 4 Recycling Units 3 | . 3 . . . . . Scanalyzers . | . . . . . . . Garrison Access 2 | . . . . . . 2 Terminal Hacks 14 | . 8 . 2 . 2 2 Record 2 | . 1 . 1 . . . Prototype ID Bank 3 | . 2 . . . 1 . Branch Access Points 3 | . 1 . . . 1 1 Terminal Index 2 | . 1 . . . . 1 Unreport Threat 3 | . 3 . . . . . EX-Prototype ID Bank 1 | . . . 1 . . . Fabricator Hacks . | . . . . . . . Repair Station Hacks 13 | . 6 . . . 4 3 Scan Component 7 | . 3 . . . 2 2 Repair 6 | . 3 . . . 2 1 Recycling Unit Hacks 2 | . 2 . . . . . Retrieve Components 2 | . 2 . . . . . Scanalyzer . | . . . . . . . Garrison Access Hacks 1 | . . . . . . 1 Seal Access 1 | . . . . . . 1 Unauthorized Hacks 11 | . 5 . . . 3 3 Terminals 11 | . 5 . . . 3 3 Botnet 11 | . 5 . . . 3 3 Fabricators . | . . . . . . . Repair Stations . | . . . . . . . Recycling Units . | . . . . . . . Scanalyzers . | . . . . . . . Garrison Access . | . . . . . . . Data Cores Recovered . | . . . . . . . Used . | . . . . . . . Hacking Detections 24 | . 9 . . . 7 8 Full Trace Events . | . . . . . . . Feedback Events . | . . . . . . . Feedback Blocked . | . . . . . . . Robot Schematics Acquired . | . . . . . . . Robots Built . | . . . . . . . Matter . | . . . . . . . Time . | . . . . . . . Total Robot Build Rating . | . . . . . . . Part Schematics Acquired . | . . . . . . . Parts Built . | . . . . . . . Matter . | . . . . . . . Time . | . . . . . . . Total Part Build Rating . | . . . . . . . Parts Repaired 6 | . 3 . . . 2 1 Time 210 | . 78 . . . 88 44 Parts Recycled . | . . . . . . . Recycled Matter . | . . . . . . . Retrieved Matter . | . . . . . . . Retrieved Components . | . . . . . . . Parts Scanalyzed . | . . . . . . . Part Schematics Acquired . | . . . . . . . Parts Damaged . | . . . . . . . Bothacking | -11 -10 -10 -10 -9 -8 -8 ------------ Run | Scr Mat Min Exi Min Mat Sto Used RIF Installer . | . . . . . . . Robots Hacked . | . . . . . . . Non-combat . | . . . . . . . Combat . | . . . . . . . Robot Hacks Applied . | . . . . . . . Relay Couplers Released . | . . . . . . . Robots Rewired . | . . . . . . . Allies Hacked . | . . . . . . . Hacks Repelled . | . . . . . . . Allies | -11 -10 -10 -10 -9 -8 -8 -------- Run | Scr Mat Min Exi Min Mat Sto Total Allies 13 | . . 3 . . . 10 Largest Group 10 | . . 3 2 . . 10 Highest-Rated Group 173 | . . 40 32 . . 173 Highest-Rated Ally 29 | . . 16 16 . . 29 Total Orders 1 | . . . . . . 1 AID 1 | . . . . . . 1 Ally Attacks 121 | . . 9 10 . . 102 Total Damage 1599 | . . 80 127 . . 1392 Kills 25 | . . 2 2 . . 21 Allies Corrupted . | . . . . . . . Allies Melted . | . . . . . . . Intel | -11 -10 -10 -10 -9 -8 -8 ------- Run | Scr Mat Min Exi Min Mat Sto Robot Analysis Total . | . . . . . . . Derelict Logs Recovered 3 | . . 2 . 1 . . Drone Launches . | . . . . . . . Drone Recoveries . | . . . . . . . Exploration | -11 -10 -10 -10 -9 -8 -8 ------------- Run | Scr Mat Min Exi Min Mat Sto Turns Passed 5205 | 64 1071 789 458 225 1361 1237 Spaces Moved 2677 | 47 649 575 269 126 510 501 Core 10 | 10 . . . . . . Treads . | . . . . . . . Legs 2667 | 37 649 575 269 126 510 501 Wheels . | . . . . . . . Hover . | . . . . . . . Flight . | . . . . . . . Fastest Speed 50 | 50 120 120 120 120 150 120 Average Speed 132 | 109 120 120 120 144 150 150 Slowest Speed 180 | 120 120 120 120 150 180 180 Overloaded Moves . | . . . . . . . Propulsion Burnouts . | . . . . . . . Robots Hopped . | . . . . . . . Cave-ins Triggered 1 | . . . . . 1 . Exploration Rate (%) 50 | 3 78 76 61 26 42 65 Regions Visited 6 Branch Regions 4 Pre-discovered Areas 2 | . . . 1 1 . . Known Exits Taken 2 | . 1 . . . 1 . Unknown Exits Taken 4 | 1 . 1 1 1 . . Scrap Searched 2 | . . 1 . 1 . . Spaces Dug 61 | . 1 8 . 6 39 7 Terrain Destroyed 61 | . 1 8 . 6 39 7 Melee 60 | . . 8 . 6 39 7 Projectile 1 | . 1 . . . . . AOE . | . . . . . . . Actions | -11 -10 -10 -10 -9 -8 -8 --------- Run | Scr Mat Min Exi Min Mat Sto Total 3774 | 57 859 628 393 155 879 803 Wait 685 | . 146 12 111 20 223 173 Move 2670 | 46 648 574 268 125 508 501 Hop . | . . . . . . . Pick Up 22 | 5 6 2 1 . 5 3 Fast Attach 36 | 5 3 2 . . 15 11 Attach 6 | 1 . . . . 3 2 Detach 2 | . 1 . . . 1 . Swap 25 | . 7 6 1 2 3 6 Drop 34 | . 7 8 1 1 5 12 Fire 69 | . 41 5 11 . 8 4 Melee 220 | . . 19 . 7 107 87 Ram . | . . . . . . . Kick 4 | . . . . . . 4 Crush . | . . . . . . . Escape Stasis 1 | . . . . . 1 . Rewire . | . . . . . . . Trap . | . . . . . . . Miscellaneous . | . . . . . . . Route ------- -11/Scrapyard -10/Materials (discovered 4 exits: [*Mat x2] / *Min x2) -10/Mines (discovered 3 exits: [*Mat x2] / *Exi) -10/Exiles -9/Mines -8/Materials (discovered 3 exits: [*Fac] / *Sto x2) -8/Storage (discovered 2 exits: [*Fac] / Rec) History --------- Turn | Location | Event 8 | -11/Scrapyard | Discovered new exit (range 14) 65 | -11/Scrapyard | Entered Materials 252 | -10/Materials | Discovered new exit (range 7) 305 | -10/Materials | Build established: Mutant 436 | -10/Materials | Discovered new exit (range 13) 805 | -10/Materials | Repaired Lgt. Armor Plating 833 | -10/Materials | Repaired Lgt. Armor Plating 859 | -10/Materials | Repaired Assault Rifle 976 | -10/Materials | Discovered new exit (range 8) 994 | -10/Materials | Identified exit to Mines 1136 | -10/Materials | Entered Mines 1145 | -10/Mines | Joined a pair of Derelicts in attacking an 0b10 outpost 1214 | -10/Mines | Learned Materials terminal intel 1250 | -10/Mines | Assisted by bots powering up and referring to "LRC-V3" 1268 | -10/Mines | Destroyed YI-UF0 1278 | -10/Mines | Found Prototype Storage 1278 | -10/Mines | Identified YI-UF0's Bottomless Matter Pit 1333 | -10/Mines | Learned Materials terminal intel 1384 | -10/Mines | Received a Rocket Launcher from a helpful Derelict 1468 | -10/Mines | Discovered new exit (range 15) 1478 | -10/Mines | Assisted by bots powering up and referring to "LRC-V3" 1569 | -10/Mines | Build established: Scavenger-Mutant 1606 | -10/Mines | Discovered new exit (range 13) 1700 | -10/Mines | Discovered new exit (range 2) 1925 | -10/Mines | Entered Exiles 1925 | -10/Exiles | Accompanied by 2 allies 1954 | -10/Exiles | Met 8R-AWN 1975 | -10/Exiles | Met EX-HEX 2011 | -10/Exiles | Met EX-BIN 2030 | -10/Exiles | Met EX-DEC 2035 | -10/Exiles | Learned location of Zion (-6) 2073 | -10/Exiles | Aligned with FarCom system 2074 | -10/Exiles | Given EX-Vault access code 2102 | -10/Exiles | Opened EX-Vault 2110 | -10/Exiles | Found Skeleton Box 2137 | -10/Exiles | Warned to stay clear of 0b10 Research branches 2154 | -10/Exiles | Exiles lab attacked by MAIN.C 2370 | -10/Exiles | Discovered new exit (range 12) 2383 | -10/Exiles | Left Exiles lab with Skeleton Box 2383 | -10/Exiles | Entered Mines 2402 | -9/Mines | Met a Derelict bent on vengeance 2432 | -9/Mines | Assembled infested the area 2437 | -9/Mines | Assisted by a Guerilla fighting off Assembled 2598 | -9/Mines | Discovered new exit (range 5) 2599 | -9/Mines | Met a Derelict testing a Signal Generator 2608 | -9/Mines | Entered Materials 2608 | -8/Materials | Evolved 4 slots: Utility x2, Weapon x2 2609 | -8/Materials | Loaded intel: 12 terminal locations 2735 | -8/Materials | Discovered new exit (range 11) 2786 | -8/Materials | Crushed by falling debris 3298 | -8/Materials | Discovered new exit (range 16) 3608 | -8/Materials | Repaired Imp. Deuterium Engine 3654 | -8/Materials | Repaired Med. Insulated Plating 3687 | -8/Materials | Identified exit to Storage 3807 | -8/Materials | Build established: Mutant 3969 | -8/Materials | Entered Storage 4010 | -8/Storage | Assisted by bots powering up and referring to "LRC-V3" 4241 | -8/Storage | Repaired Imp. Carbon-fiber Leg 4308 | -8/Storage | Remotely autohacked Sealed Heavy Doors 4323 | -8/Storage | Garrison activated, responded to threat 4329 | -8/Storage | Build established: Commander-Tank 4751 | -8/Storage | Identified exit to Recycling 4895 | -8/Storage | Discovered new exit (range 8) 4932 | -8/Storage | Remotely autohacked Sealed Heavy Doors 4991 | -8/Storage | Build established: Tank 5042 | -8/Storage | Core integrity fell below 50% 5119 | -8/Storage | Lost 7 parts (2n2u3w) 5173 | -8/Storage | Core integrity fell below 20% 5206 | -8/Storage | Destroyed by Y-45 Defender with Heavy Assault Rifle Last Messages --------------- 05120_ Destroyed Com. Wheel. 05120_ R-06 Scavenger system corrupted by crushing effect. 05120_ R-06 Scavenger knocked back. 05121_ R-06 Scavenger system terminally corrupted. 05133_ K-01 Serf collects debris. 05134_ Acquired 20 matter. 05136_ K-01 Serf collects debris. 05160_ System corrupted: Component data lost. 05176_ R-06 Scavenger collects Aluminum Leg. 05180_ R-06 Scavenger collects Lgt. Treads. 05184_ K-01 Serf cleans the Transport Mainframe. 05194_ Hvy. Ion Engine destroyed. 05197_ Beam Rifle destroyed. 05198_ Great Maul destroyed. 05199_ System corrupted: Matter fused (-5). 05200_ Kicked Y-45 Defender out of the way. 05201_ Acquired 3 matter. 05201_ Carbon-fiber Leg destroyed. 05201_ Slammed into Y-45 Defender. 05205_ Carbon-fiber Leg destroyed. Map ----- +----------------------------------------------------+ | """ #????#! !#???"""![" #????# #???# # # | | """ #????#####?????"!!"?#????# ##### # # | | #??????????????""""??????# + # | | "#####????????????????????????# # # | | "#????????????????????????????#% " " # # | | "#????????????????????????????#% "G" ##+###? | | ##???????????????????#####????# % " #??? | | ?????????????????????# ######=[ #??? | | ?????????????????????# ! !!%%% % % #??? | | ?????????????????????# %%######+######## #??? | | ?????????????????????## ### #??# #??? | | ??????????????????????#%#?# #?## ##?? | | ??????????????????????# #?# ### #?? | | ??????????????????????#%#?# + #?? | | ?????????????????????##/############### #?? | | ?????????????????????#%% #??????##+###? | | ???????????????????###%% %"""" #???????# #? | | ???????????????????#"" """" #???????# #? | | ???????????????????#"T """" #???????#/ #? | | ?#!????????????????#"" """" #?????### !#? | | ?#!!???????????????###% #?????### ]=#? | | ???! ???????????????# * % #?????### #? | | ???? ??????????????## !%%% #?????### %#? | | #####+###################u#####?????#######? | | k a%% #????????????? | | @% % #????????????? | | g w Y% Y%%#????????????? | | #########+###################+#####?????????? | | ???????# ?????????????# #?????????? | | ???????# ???????????# "" " #?????????? | | ???????# ?????????# "!!" #?????????? | | ???????#"" #????????# "//" #?????????? | | ???????#"" [/ #????????# "!!" #?????????? | | ???????#"T [] #????????# "!=" #?????????? | | ???????#"" / #???????# """" #?????????? | | ????????"" ##???????# #?????????? | | ?????????? #????????# #?????????? | | ??????????###+#########+######+#########????? | | ???????????? ! %** #????? | | ???????????? *** * < #????? | | ???????????? #????? | | ??????????????#########+######"##+######????? | | ?????????????????????????????#T #?????????? | | ?????????????????????????????## #?????????? | | ???????????????????????????Y??#]]]#?????????? | | ??????????????????????????????#]]]#?????????? | | ??????????????????????????????#####?????????? | | ????????????????????????????????????????????? | | ????????????????????????????????????????????? | | ????????????????????????????????????????????? | +----------------------------------------------------+ Best States ------------- Heat Dissipation 45 Energy Generation 16 Energy Capacity 290 Matter Stores 300 Matter Capacity 1800 Sight Range 16 Terrain Scan Density 10 Armor Coverage 375 Resistance: EM 20 Propulsion Shielding 33 Utility Shielding 66 Evasion (%) 40 Defensive Hacking 10 Item Schematics ----------------- None Robot Schematics ------------------ None Fabricated ------------ Nothing Alien Tech Used ----------------- None Achievements -------------- Collateral Damage Challenges ------------ None Game ------ Seed LauncherMeleeScreen Manual? 0 Play Time 00:48:50 Cumulative 40.0 hours Start 2020.07.08 @ 01:16:24 End 2020.07.08 @ 02:08:15 Sessions 1 Manual Loads 0 Difficulty Rogue Special Mode None Game No. 49 Rogue 49 Adventurer 0 Explorer 0 Win Type - Total 0 Types 0/0/0/0/0/0/0 Lore% 31 Gallery% 41 Achievement% 36 Wizard Run 0 Options --------- ASCII 0 Keyboard 0 Movement Numpad Keybinds 0 Fullscreen 2 Font 16/Terminus Map View 76x50 Tactical HUD 1 Map Filters NONE Filters NONE Steam 1 RUN: 4d494da9-5b7e-4348-b25f-2d99370990a6